 Dungeon Crawl Stone Soup version 0.25-a0-464-g3004169c2b (webtiles) character file.

Game seed: 13055745139809230318, levelgen mode: deterministic

3642 wvc the Covered (level 10, 0/77 HPs)
             Began as a Gnoll Wanderer on Feb 4, 2020.
             Was a Priest of Cheibriados.
             Slain by a rakshasa
             ... wielding a +0 long sword
              (9 damage)
             ... on level 8 of the Dungeon.
             The game lasted 00:19:02 (8985 turns).

wvc the Covered (Gnoll Wanderer)                    Turns: 8985, Time: 00:19:04

Health: 0/77       AC: 12    Str: 27    XL:     10   Next: 12%
Magic:  18/18      EV: 10    Int: 24    God:    Cheibriados [***...]
Gold:   482        SH: 11    Dex: 22    Spells: 16/20 levels left

rFire    + + .     SeeInvis .   d - +2 mace (venom)
rCold    + + .     Gourm    +   i - +0 shield
rNeg     . . .     Faith    .   o - +0 chain mail {MR+}
rPois    +         Spirit   .   h - +1 helmet
rElec    +         Reflect  .   (no cloak)
rCorr    +         Harm     .   (no gloves)
MR       +....                  (no boots)
Stlth    ..........             g - amulet of the gourmand
HPRegen  0.22/turn              E - ring of protection from cold
MPRegen  0.16/turn              l - ring of protection from fire

@: mighty, resistant, very slow
A: distributed training, fangs 1, strong nose
a: Bend Time, Temporal Distortion, Renounce Religion


You were on level 8 of the Dungeon.
You worshipped Cheibriados.
Cheibriados was most pleased with you.
You were completely stuffed.

You visited 2 branches of the dungeon, and saw 11 of its levels.

You collected 482 gold pieces.

Inventory:

Hand Weapons
 a - a +2 dagger
 d - a +2 mace of venom (weapon)
 B - a +0 short sword of draining
 F - a +0 vorpal rapier
 J - a +0 spear of pain
Missiles
 c - 237 stones (quivered)
 t - 58 poisoned darts
Armour
 h - a +1 helmet (worn)
 i - a +0 shield (worn)
 o - a +0 chain mail of magic resistance (worn)
 p - a +2 robe of resistance
Jewellery
 g - an amulet of the gourmand (around neck)
 l - a ring of protection from fire (right hand)
 y - an uncursed ring of protection from cold
 E - a ring of protection from cold (left hand)
 K - an uncursed ring of poison resistance
Wands
 s - a wand of iceblast (3)
 u - a wand of acid (5)
Scrolls
 n - 6 scrolls of remove curse
 C - 3 scrolls of magic mapping
 G - a scroll of enchant armour
 H - a scroll of amnesia
 L - a scroll of blinking
 O - a scroll of immolation
Potions
 b - a potion of mutation {unknown}
 e - 9 potions of curing
 j - 2 potions of brilliance
 k - 2 potions of ambrosia
 m - 2 potions of agility
 q - 4 potions of degeneration {unknown}
 r - 2 potions of flight
 v - a potion of cancellation {unknown}
 w - 2 potions of might
 x - 2 potions of haste {unknown}
 z - 3 potions of lignification
 A - a potion of resistance
 I - a potion of invisibility {unknown}
Comestibles
 f - 12 rations


   Skills:
 + Level 6.7 Fighting
 + Level 4.9 Short Blades
 + Level 4.9 Long Blades
 + Level 5.6 Axes
 + Level 4.9 Maces & Flails
 + Level 4.9 Polearms
 + Level 4.9 Staves
 + Level 4.9 Slings
 + Level 4.9 Bows
 + Level 4.9 Crossbows
 + Level 4.9 Throwing
 + Level 6.7 Armour
 + Level 4.9 Dodging
 + Level 5.4 Stealth
 + Level 4.9 Shields
 + Level 4.9 Unarmed Combat
 + Level 5.7 Spellcasting
 + Level 4.0 Conjurations
 + Level 4.0 Hexes
 + Level 4.0 Charms
 + Level 4.0 Summonings
 + Level 4.0 Necromancy
 + Level 4.0 Translocations
 + Level 4.0 Transmutations
 + Level 5.6 Fire Magic
 + Level 4.0 Ice Magic
 + Level 4.0 Air Magic
 + Level 4.0 Earth Magic
 + Level 4.0 Poison Magic
 + Level 5.3 Invocations
 + Level 5.6 Evocations


You had 16 spell levels left.
You knew the following spells:

 Your Spells              Type           Power        Failure   Level  Hunger
a - Blink                 Tloc           N/A          41%         2    None
b - Shroud of Golubria    Chrm/Tloc      ####..       41%         2    None

Your spell library contained the following spells:

 Spells                   Type           Power        Failure   Level  Hunger


Dungeon Overview and Level Annotations

Branches:
Dungeon (10/15)            Temple (1/1) D:4
   Lair: D:8-11         Orc: D:9-12

Altars:
Cheibriados
Fedhas
Gozag
Hepliaklqana
Kikubaaqudgha
Makhleb
Nemelex Xobeh
Okawaru
Ru
Sif Muna
Trog
Uskayaw
Wu Jian
Xom
Yredelemnul
Zin
The Shining One

Shops:
D:8 }

Annotations:
D:3 Sigmund
D:5 2 transporters
D:7 Menkaure


Innate Abilities, Weirdness & Mutations

Your experience applies equally to all skills.
You have very sharp teeth.
Your uncanny sense of smell can sniff out nearby items.


Message History

The rakshasa misses you.
You hit the rakshasa. You bite the rakshasa.
The rakshasa is heavily wounded.
The injured rakshasa weaves a defensive illusion!
The rakshasa barely misses you.
You hit the rakshasa but do no damage.
The rakshasa is poisoned.
You bite the rakshasa!
The rakshasa is almost dead.
The rakshasa hits you but does no damage.
The rakshasa hits you with a +0 long sword.
* * * LOW HITPOINT WARNING * * *
The rakshasa hits you with a +0 long sword.
* * * LOW HITPOINT WARNING * * *
You hit the rakshasa.
The rakshasa is almost dead.
You kill the rakshasa!
The rakshasa hits you with a +0 long sword!
* * * LOW HITPOINT WARNING * * *
The rakshasa hits you with a +0 long sword!
You die...

..#...#...#.##.# #.#.#.#
#...#...#.#.##.###.#.#.#
..#...#....#(........#.##########
#...#...#.#(#..###..............#
..#...#...#.#..###.###.########.#
#...#...#...#..#.....#.# #.#
..#...#...###..#.....#.# #.#
#...#...#.......RR.....# #.#
..#...#...###..#@....### #####.#
#...#...#.###..#.....# #...#.#
..#...#..........#.##### #.#...#
#...#..##.###..........####...###
..#........................#.##
#.....######..####.###.###....###
.###### #.## #.# #.# #..#.... ##
#.# #.###.####...### #.#
#.##.#.####.##


You could see 2 rakshasas.

Vanquished Creatures
  Nergalle (D:10)
  A freezing wraith (D:8)
  A hippogriff (D:8)
  A meliai zombie (D:6)
  A water moccasin (D:7)
  2 ice beasts
  An orc warrior (D:6)
  3 sky beasts
  2 black bears (D:8)
  An ogre (D:9)
  2 centaurs
  A gnoll sergeant (D:9)
  2 scorpions
  3 killer bees (D:10)
  A crimson imp (D:5)
  3 bullfrog zombies
  4 hounds
  3 orc priests
  A gnoll shaman (D:4)
  A centaur skeleton (D:8)
  4 jellies
  3 orc wizards
  2 bullfrog skeletons (D:5)
  2 iguanas
  A worker ant (D:4)
  2 hound skeletons
  A worker ant zombie (D:6)
  7 gnolls
  9 adders
  5 shadow imps
  2 oozes (D:2)
  An adder zombie (D:9)
  4 dart slugs
  6 leopard geckos
  20 orcs
  5 bats
  6 giant cockroaches
  4 goblins
  10 hobgoblins
  4 jackals (D:2)
  9 quokkas
  4 ball pythons
  5 frilled lizards
  2 jackal zombies
  9 kobolds
  A leopard gecko skeleton (D:5)
  3 rats
166 creatures vanquished.

Notes
Turn   | Place    | Note
-------+----------+-------------------------------------------
     0 | D:1      | wvc the Gnoll Wanderer began the quest for the Orb.
     0 | D:1      | wvc set off with the following items: a +2 dagger, a potion
                  | of heal wounds, a +0 ring mail, a ration; and the following
                  | spells available to memorise: Blink, Shroud of Golubria
     0 | D:1      | Reached XP level 1. HP: 20/20 MP: 4/4
     0 | D:1      | meem: I'm meem, an infobot run by MalcolmRoseGaming: Type
                  | !submeem to keep me in your games; !nomeem to shut me up
                  | forever; !meem for help; !whymeem if you want to know why
                  | meem exists. Visit http://youtube.com/malcolmrosegaming for
                  | more DCSS content.
   362 | D:1      | Reached XP level 2. HP: 24/26 MP: 5/5
   531 | D:1      | You fall into a shaft and drop 1 floor!
   743 | D:2      | Reached XP level 3. HP: 26/31 MP: 7/7
   993 | D:2      | Reached skill level 1 in Invocations
  1162 | D:2      | Reached skill level 1 in Short Blades
  1162 | D:2      | Reached skill level 1 in Long Blades
  1162 | D:2      | Reached skill level 1 in Maces & Flails
  1162 | D:2      | Reached skill level 1 in Polearms
  1162 | D:2      | Reached skill level 1 in Staves
  1162 | D:2      | Reached skill level 1 in Slings
  1162 | D:2      | Reached skill level 1 in Bows
  1162 | D:2      | Reached skill level 1 in Crossbows
  1162 | D:2      | Reached skill level 1 in Throwing
  1162 | D:2      | Reached skill level 1 in Dodging
  1162 | D:2      | Reached skill level 1 in Shields
  1162 | D:2      | Reached skill level 1 in Unarmed Combat
  1213 | D:2      | Found an iron altar of Okawaru.
  1227 | D:2      | Reached XP level 4. HP: 38/38 MP: 8/8
  1726 | D:2      | Reached skill level 1 in Conjurations
  1726 | D:2      | Reached skill level 1 in Hexes
  1726 | D:2      | Reached skill level 1 in Charms
  1726 | D:2      | Reached skill level 1 in Summonings
  1726 | D:2      | Reached skill level 1 in Necromancy
  1726 | D:2      | Reached skill level 1 in Translocations
  1726 | D:2      | Reached skill level 1 in Transmutations
  1726 | D:2      | Reached skill level 1 in Ice Magic
  1726 | D:2      | Reached skill level 1 in Air Magic
  1726 | D:2      | Reached skill level 1 in Earth Magic
  1726 | D:2      | Reached skill level 1 in Poison Magic
  2146 | D:3      | Reached XP level 5. HP: 31/43 MP: 9/9
  2596 | D:3      | Noticed Sigmund
  3153 | D:4      | Reached XP level 6. HP: 50/50 MP: 10/10
  3238 | D:4      | Found a staircase to the Ecumenical Temple.
  3239 | D:4      | Noticed a sky beast
  3247 | D:4      | Killed a sky beast
  3247 | D:4      | Reached skill level 5 in Fighting
  3247 | D:4      | Reached skill level 5 in Armour
  3258 | Temple   | Entered the Ecumenical Temple
  3289 | Temple   | Became a worshipper of Cheibriados the Contemplative
  3507 | D:4      | Found a shimmering blue altar of Sif Muna.
  3656 | D:5      | Entered Level 5 of the Dungeon
  3678 | D:5      | Reached XP level 7. HP: 39/56 MP: 12/12
  4572 | D:4      | Reached XP level 8. HP: 56/63 MP: 14/14
  4817 | D:5      | Learned a level 2 spell: Blink
  4820 | D:5      | Learned a level 2 spell: Shroud of Golubria
  4829 | D:5      | Reached * piety under Cheibriados
  4850 | D:5      | Found a transporter.
  5079 | D:5      | Found a transporter.
  6003 | D:6      | Found an opulent altar of Gozag.
  6615 | D:6      | Reached ** piety under Cheibriados
  6808 | D:7      | You fall into a shaft and drop 3 floors!
  6808 | D:10     | Entered Level 10 of the Dungeon
  6808 | D:10     | Noticed Nergalle
  6808 | D:10     | Noticed a yak
  6808 | D:10     | Noticed a yak
  6808 | D:10     | Noticed a yak
  6809 | D:10     | Noticed a yak
  6810 | D:10     | Noticed a yak
  6813 | D:10     | Noticed a yak
  6826 | D:10     | Killed Nergalle
  6826 | D:10     | Reached skill level 5 in Spellcasting
  6826 | D:10     | Reached skill level 5 in Fire Magic
  6826 | D:10     | Reached XP level 9. HP: 41/69 MP: 14/16
  7447 | D:9      | Reached skill level 5 in Axes
  7447 | D:9      | Reached skill level 5 in Evocations
  7774 | D:8      | Reached skill level 5 in Stealth
  7974 | D:7      | Noticed Menkaure
  8296 | D:8      | Found a sacrificial altar of Ru.
  8297 | D:8      | Found a basalt altar of Yredelemnul.
  8298 | D:8      | Found an ancient bone altar of Kikubaaqudgha.
  8298 | D:8      | Found an ornate altar of the Wu Jian Council.
  8298 | D:8      | Found a sparkling altar of Nemelex Xobeh.
  8305 | D:8      | Reached skill level 5 in Invocations
  8315 | D:8      | Found a hide-covered altar of Uskayaw.
  8400 | D:8      | Found Aguruze's Gadget Emporium.
  8430 | D:8      | Reached *** piety under Cheibriados
  8598 | D:8      | Reached XP level 10. HP: 68/77 MP: 18/18
  8627 | D:8      | Noticed a rakshasa
  8985 | D:8      | Slain by a rakshasa

Levels and vault maps discovered:
D:1:      dpeg_arrival_erosion, layout_basic, minmay_tromino_v7
D:2:      minmay_chambers_of_twos, layout_loops_ring, okawaru_metal_pillars_1_2,
          minmay_misc_feat_enclosed, minivault_4, dk_noncrumbling_3
D:3:      layout_rooms, uniq_sigmund
D:4:      layout_basic, led_sif_pool, minmay_temple_entry_trees, first_ration
D:5:      gammafunk_wand_slinger, layout_rooms, minmay_misc_feat_room,
          minmay_stone_trees_medium, minmay_pentangle
D:6:      layout_loops_ring, nicolae_gozag_cash_rules_everything_around_me
D:7:      layout_layer_cave, grunt_livestock, nicolae_benzene_ring,
          uniq_menkaure
D:8:      layout_loops_ring, grunt_temple_overflow_open, minitemple,
          serial_shops, shop, hex_large, jmf_multi_god_temple
D:9:      layout_loops_ring, grunt_decor_cap
D:10:     layout_basic, serial_glass, glass_columns_b, glass_columns_c,
          uniq_nergalle
Temple:   chequers_temple_sunken

Skill      XL: |  1  2  3  4  5  6  7  8  9 10 |
---------------+-------------------------------+-----
Invocations    | 1 2 3 4 5 |  5.3
Short Blades   | 1 2 4 |  4.9
Long Blades    | 1 2 4 |  4.9
Maces & Flails | 1 2 4 |  4.9
Polearms       | 1 2 4 |  4.9
Staves         | 1 2 4 |  4.9
Slings         | 1 2 4 |  4.9
Bows           | 1 2 4 |  4.9
Crossbows      | 1 2 4 |  4.9
Throwing       | 1 2 4 |  4.9
Dodging        | 1 2 4 |  4.9
Shields        | 1 2 4 |  4.9
Unarmed Combat | 1 2 4 |  4.9
Spellcasting   | 3 4 5 |  5.7
Conjurations   | 1 2 3 4 |  4.0
Hexes          | 1 2 3 4 |  4.0
Charms         | 1 2 3 4 |  4.0
Summonings     | 1 2 3 4 |  4.0
Necromancy     | 1 2 3 4 |  4.0
Translocations | 1 2 3 4 |  4.0
Transmutations | 1 2 3 4 |  4.0
Ice Magic      | 1 2 3 4 |  4.0
Air Magic      | 1 2 3 4 |  4.0
Earth Magic    | 1 2 3 4 |  4.0
Poison Magic   | 1 2 3 4 |  4.0
Axes           | 3 4 5 |  5.6
Fire Magic     | 4 5 |  5.6
Evocations     | 3 4 5 |  5.6
Fighting       | 5 6 |  6.7
Armour         | 5 6 |  6.7
Stealth        | 3 4 5 |  5.4

Action                   |  1- 3 |  4- 6 |  7- 9 | 10-12 || total
-------------------------+-------+-------+-------+-------++-------
Melee: Dagger            |   130 |   107 |       |       ||   237
       Bite              |    19 |    22 |    79 |     8 ||   128
       Rapier            |       |   121 |   236 |       ||   357
       Mace              |       |       |   226 |    42 ||   268
Evoke: Wand              |       |       |     2 |       ||     2
  Use: Scroll            |       |    17 |     7 |     1 ||    25
       Potion            |       |       |     2 |     3 ||     5
 Stab: Sleeping          |     1 |     1 |       |       ||     2
  Eat: Chunk             |    11 |     4 |    14 |       ||    29
Armor: Ring mail         |    65 |    84 |    14 |       ||   163
       Chain mail        |       |       |   223 |     9 ||   232
       Robe              |       |       |    15 |       ||    15
       Skin              |       |       |       |    34 ||    34
Dodge: Dodged            |    41 |    87 |   159 |    12 ||   299
Block: Shield            |    46 |    94 |   260 |    32 ||   432

Table legend:
 A = Non-vault XP
 B = Vault XP
 C = Vault XP percentage of total XP
 D = Non-vault monster count
 E = Vault monster count
 F = Vault count percentage of total count
                 A         B        C        D         E       F
            +---------+---------+-------+---------+---------+-------
      Total |    3618 |    1585 |  30.5 |     145 |      21 |  12.7
            +---------+---------+-------+---------+---------+-------
        D:1 |      13 |       5 |  27.8 |       7 |       3 |  30.0
        D:2 |     110 |      20 |  15.4 |      26 |       8 |  23.5
        D:3 |      59 |       0 |   0.0 |      19 |       0 |   0.0
        D:4 |     400 |       0 |   0.0 |      23 |       0 |   0.0
        D:5 |     626 |     388 |  38.3 |      20 |       8 |  28.6
        D:6 |     579 |       0 |   0.0 |      16 |       0 |   0.0
        D:7 |     295 |       0 |   0.0 |       5 |       0 |   0.0
        D:8 |     950 |     372 |  28.1 |      14 |       1 |   6.7
        D:9 |     353 |       0 |   0.0 |      11 |       0 |   0.0
       D:10 |     190 |     800 |  80.8 |       3 |       1 |  25.0
     Temple |      43 |       0 |   0.0 |       1 |       0 |   0.0
            +---------+---------+-------+---------+---------+-------
